 Dungeon Crawl Stone Soup version 0.19.0-2-gae57169 (webtiles) character file.

317316 Leybi the Earth Mage (level 21, -13/132 HPs)
             Began as a Gargoyle Earth Elementalist on Nov 6, 2016.
             Was the Champion of Vehumet.
             Killed from afar by Frederick (64 damage)
             ... with an iron shot
             ... on level 2 of the Vaults on Nov 7, 2016.
             The game lasted 06:56:52 (59140 turns).

Leybi the Earth Mage (Gargoyle Earth Elementalist) Turns: 59140, Time: 06:56:53

Health: -13/132    AC: 41    Str: 15    XL:     21   Next: 42%
Magic:  38/50      EV: 12    Int: 28    God:    Vehumet [******]
Gold:   1988       SH: 16    Dex: 13    Spells: 7 memorised, 14 levels left

rFire  . . .     SeeInvis .     v - +6 demon whip (elec)
rCold  + . .     Gourm    +     c - +6 mottled dragon scales
rNeg   + . .     Faith    .     C - +5 shield of Darkness {rC+}
rPois  ∞         Spirit   .     X - +2 helmet
rElec  +         Reflect  .     V - +2 cloak {MR+}
rCorr  .         Harm     .     g - +1 pair of gloves of a labyrinth {MR+ Dex+3 Slay+6 Stlth+}
MR     +++..                    n - +2 pair of boots {Fly}
Stlth  +++.......               E - amulet of the gourmand
                                y - ring of magical power
                                P - +5 ring of intelligence

@: flying, very slightly contaminated
A: big wings, negative energy resistance 1, electricity resistance, unbreathing,
petrification resistance, rot immunity, AC +15
a: Stop Flying, Renounce Religion
}: 2/15 runes: serpentine, barnacled


You were on level 2 of the Vaults.
You worshipped Vehumet.
Vehumet was exalted by your worship.
You were very full.

You visited 8 branches of the dungeon, and saw 36 of its levels.
You visited 1 bazaar.

You collected 3648 gold pieces.
You spent 1660 gold pieces at shops.

Inventory:

Hand Weapons
 v - a +6 demon whip of electrocution (weapon)
Missiles
 a - 186 stones (quivered)
Armour
 c - +6 mottled dragon scales (worn)
 g - the +1 pair of gloves of a labyrinth (worn) {MR+ Dex+3 Slay+6 Stlth+}
   (You found it on level 4 of the Snake Pit)

   It affects your dexterity (+3).
   It affects your accuracy and damage with ranged weapons and melee attacks
   (+6).
   It affects your resistance to hostile enchantments.
   It makes you more stealthy.
 n - a +2 pair of boots of flying (worn)
 C - the +5 shield of Darkness (worn) {rC+}
   (You took it off Donald on level 3 of the Shoals)

   It protects you from cold.
 V - a +2 cloak of magic resistance (worn)
 X - a +2 helmet (worn)
Magical Staves
 l - an uncursed staff of earth
Jewellery
 k - an uncursed ring of resist corrosion
 w - an uncursed ring of see invisible
 y - a ring of magical power (right hand)
 E - an amulet of the gourmand (around neck)
 G - an uncursed ring of positive energy
 P - a +5 ring of intelligence (left hand)
 R - an uncursed amulet of magic regeneration
Wands
 b - a wand of polymorph (13/24)
 e - a wand of acid (5/15)
 m - a wand of teleportation (3/9)
 q - a wand of paralysis (11/24)
 z - a wand of iceblast (10/15)
 U - a wand of flame (14/48)
Scrolls
 f - 7 scrolls of remove curse
 h - 3 scrolls of summoning
 i - 7 scrolls of magic mapping
 o - 6 scrolls of fear
 r - 2 scrolls of blinking
 s - 3 scrolls of amnesia
 x - 3 scrolls of identify
 D - a scroll of immolation
 K - 2 scrolls of teleportation
 N - 10 scrolls of fog
 O - 3 scrolls of recharging
Potions
 p - a potion of magic
 F - 11 potions of curing
 H - 4 potions of haste
 I - 4 potions of cancellation
 M - a potion of brilliance
 Q - a potion of resistance
 T - 2 potions of cure mutation
Books
 B - a book of Summonings

   Spells                             Type                      Level
   a - Recall                         Summoning/Translocation      3
   b - Aura of Abjuration             Summoning                    5
   c - Summon Demon                   Summoning                    5
   d - Summon Forest                  Summoning/Translocation      5
   e - Summon Mana Viper              Hexes/Summoning              5
   f - Shadow Creatures               Summoning                    6
Comestibles
 d - 22 bread rations
 j - 5 meat rations
 t - a slice of pizza
 u - 10 beef jerkies
 L - a royal jelly
 W - 5 fruits


   Skills:
 + Level 14.7 Fighting
 - Level 12.0 Maces & Flails
 - Level 6.7 Armour
 - Level 5.1 Dodging
 - Level 2.1 Stealth
 + Level 8.5 Shields
 + Level 16.8 Spellcasting
 * Level 15.9 Conjurations
   Level 0.7 Transmutations
 + Level 12.7 Fire Magic
 * Level 17.1 Earth Magic
 - Level 8.4 Evocations


You had 14 spell levels left.
You knew the following spells:

 Your Spells              Type           Power        Failure   Level  Hunger
b - Stone Arrow           Conj/Erth      ######       1%          3    None
c - Lee's Rapid Deconstr  Erth           #######...   1%          5    None
d - Bolt of Magma         Conj/Fire/Erth #######...   1%          5    None
e - Spellforged Servitor  Conj/Summ      ######....   73%         7    #####..
f - Fireball              Conj/Fire      #######...   1%          5    None
g - Iron Shot             Conj/Erth      #######...   1%          6    ###....
h - Lehudib's Crystal Sp  Conj/Erth      #######...   16%         8    ######.


Dungeon Overview and Level Annotations

Branches:
Dungeon (15/15)            Temple (1/1) D:4            Lair (6/6) D:9
 Shoals (4/4) Lair:3        Snake (4/4) Lair:2        Slime (0/5) Lair:6
    Orc (2/2) D:11            Elf (2/3) Orc:2        Vaults (2/5) D:14
  Crypt (0/3) Vaults:2     Depths (0/5) D:15

Altars:
Ashenzari
Cheibriados
Dithmenos
Elyvilon
Fedhas
Gozag
Hepliaklqana
Kikubaaqudgha
Makhleb
Nemelex Xobeh
Okawaru
Qazlal
Ru
Sif Muna
Trog
Uskayaw
Vehumet
Xom
Yredelemnul
Zin
The Shining One

Shops:
D:9 *   D:13 :}?[(   Orc:2 }(%*   Elf:2 ([   Shoals:3 [   Snake:4 *:([
Vaults:1 =

Portals:
Pandemonium: Orc:2
Trove: Elf:1 (show slimy rune of Zot)

Annotations:
Elf:2 3 runed doors
Vaults:2 Frederick


Innate Abilities, Weirdness & Mutations

You are resistant to torment.
Your stone body is resilient. (AC +15)
You are immune to poison.
Your large and strong wings let you fly indefinitely.
You resist negative energy. (rN+)
You are resistant to electric shocks. (rElec)
You can survive without breathing.
You are immune to petrification.
You are immune to rotting.


Message History

You are very lightly contaminated with residual magic.
Your skin tingles.
Casting: Lehudib's Crystal Spear
Confirm with . or Enter, or press ? or * to list all spells.
Aiming: Iron Shot
Press: ? - help, Shift-Dir - straight line, f/p - Frederick
Aim: Frederick, wielding an eveningstar of venom and wearing a chain mail The iron shot hits Frederick.
Frederick is lightly wounded.
Frederick gestures at you while chanting.
The orb of energy hits you!
Frederick casts a spell.
Frederick summons a servant imbued with his destructive magic!
Frederick points at you and mumbles some strange words.
The bolt of cold hits you! You resist.
The spellforged servitor gestures at you while chanting.
The orb of energy hits you!
Frederick gestures at you while chanting.
The iron shot hits you!
You die...

...# ...# ...# ...#
###### ...# ###....###
...# #........##########
######...###..##.......+
....'..#.####..'.......#
....#..##.###..#@......#
....#..###.##..#.......#
....'..####.#..#....?..#
....##..###...##.......#
....##........##..@....#
#'####'#....####.......#
.......###### #.8.....#
.......# #.......#
.......# #.......#


You could see Frederick and a spellforged servitor.

Vanquished Creatures
  Bai Suzhen (Snake:4)
  Vashnia (Snake:4)
  Saint Roka (Orc:2)
  Nikola (Vaults:2)
  Rupert (D:13)
  Asterion (Vaults:2)
  2 krakens
  Frances (D:14)
  Polyphemus (Shoals:2)
  Donald (Shoals:3)
  Ilsuiw (Shoals:4)
  10 nagarajas
  Roxanne (D:15)
  2 orc warlords
  3 vault wardens
  2 deep elf sorcerers
  Louise (Shoals:4)
  A stone giant (Vaults:2)
  6 ironheart preservers
  Nessos (Orc:2)
  2 deep elf demonologists (Elf:2)
  3 deep elf annihilators
  A dire elephant (Lair:6)
  The ghost of dobroeutro the Basher, a journeyman GrFi of Okawaru (Lair:6)
  2 merfolk javelineers (Shoals:4)
  A deep elf death mage (Elf:2)
  12 merfolk impalers
  Josephine (Lair:5)
  3 yaktaur captains (Vaults:1)
  7 ogre magi
  A rakshasa (Vaults:1)
  8 vault guards (D:14)
  13 naga warriors
  8 hydras
  4 merfolk avatars
  A death knight (D:15)
  2 merfolk aquamancers (Shoals:4)
  5 centaur warriors
  8 anacondas
  11 dancing weapons
  2 alligator snapping turtles
  2 catoblepae
  3 satyrs
  8 death yaks
  The ghost of Juniper the Carver, a novice HuBe of Trog (D:9)
  9 orc high priests (Orc:2)
  7 naga sharpshooters
  9 shock serpents
  12 deep elf knights
  A fire crab (Lair:6)
  9 skeletal warriors (Vaults:1)
  An unseen horror (D:11)
  A sixfirhy (Orc:2)
  15 sea snakes
  A gelid demonspawn (Orc:2)
  An obsidian statue (D:14)
  13 deep elf archers
  A harpy (shapeshifter) (D:15)
  9 hill giants
  2 ironbrand convokers (Vaults:1)
  2 wizards
  20 harpies
  7 naga ritualists
  2 wolf spiders
  18 orc knights
  8 orc sorcerers
  A phantasmal warrior (D:15)
  6 mana vipers
  49 deep elf magi
  22 ugly things
  9 salamanders
  22 manticores
  10 fauns
  A faun (shapeshifter) (D:15)
  10 cyclopes
  13 elephants
  3 guardian serpents (Snake:4)
  12 sirens
  3 vault sentinels (Vaults:1)
  A guardian serpent (shapeshifter) (Vaults:1)
  11 naga magi
  5 centaur zombies
  41 black mambas
  Maurice (D:11)
  A smoke demon (Orc:2)
  6 water nymphs
  An orange demon (Orc:2)
  20 spiny frogs
  2 gargoyles
  2 kobold demonologists (D:14)
  3 freezing wraiths (Vaults:1)
  An efreet (D:14)
  14 komodo dragons
  A hellwing (Orc:2)
  4 rime drakes
  18 yaktaurs
  A guardian mummy (Elf:1)
  11 polar bears
  10 trolls
  39 merfolk
  9 wind drakes
  A meliai (shapeshifter) (Vaults:1)
  7 hornets
  8 two-headed ogres
  12 snapping turtles
  9 dream sheep
  6 blink frogs
  A meliai zombie (D:14)
  11 slime creatures
  Sigmund (D:2)
  14 hippogriffs
  2 spriggans
  2 air elementals (Elf:1)
  26 yaks
  15 water elementals
  A vampire (D:13)
  9 wraiths
  2 wyverns
  Grum (D:11)
  2 basilisks
  Eustachio (D:4)
  4 vampire mosquitoes
  A chaos spawn (Orc:2)
  2 wargs
  A mottled dragon (shapeshifter) (Vaults:1)
  2 mottled dragons
  56 nagas
  A soldier ant (D:14)
  Edmund (D:6)
  15 water moccasins
  9 porcupines
  A black bear (shapeshifter) (D:13)
  An eye of draining (D:15)
  4 sky beasts
  4 ice beasts
  3 phantoms
  A necrophage (D:12)
  2 black bears (Lair:4)
  An ogre (shapeshifter) (Vaults:2)
  55 orc warriors
  42 ogres
  A swamp drake (D:11)
  24 wolves
  10 centaurs
  11 crocodiles
  11 big kobolds
  A big kobold (shapeshifter) (D:15)
  16 bullfrogs
  An earth elemental (Elf:1)
  2 wyvern skeletons
  5 scorpions
  11 killer bees
  2 electric eels
  12 wights
  5 howler monkeys
  The ghost of cedor the Cutter, a weakling HEAr (D:3)
  8 crimson imps
  2 bullfrog zombies
  2 quasits
  11 hounds
  4 bullfrog skeletons
  4 centaur skeletons
  A gnoll shaman (D:8)
  38 orc priests
  3 jellies
  31 orc wizards
  Ijyb (D:3)
  7 hell rats
  Natasha (thrice) (D:3)
  9 iguanas
  10 worker ants
  A hound zombie (D:11)
  2 hound skeletons (D:4)
  2 worker ant zombies
  Robin (D:3)
  19 adders
  15 gnolls
  4 shadow imps
  A white imp (D:14)
  An ufetubus (D:14)
  5 oozes
  2 adder zombies
  7 worms
  4 dart slugs
  7 leopard geckos
  124 orcs
  A ball python (D:1)
  8 bats
  5 giant cockroaches
  22 goblins
  14 hobgoblins
  23 jackals
  5 quokkas
  7 frilled lizards
  36 kobolds
  8 rats
  A bush (D:14)
  A fungus (Lair:6)
  5 plants
  6 tentacles
1581 creatures vanquished.

Vanquished Creatures (others)
  A shadow wraith (Vaults:2)
  A rime drake (Lair:6)
  A blink frog (Lair:6)
  An ogre (Vaults:1)
  A big kobold (D:14)
  A white imp (D:14)
  An ufetubus (D:14)
  An orc (Orc:1)
  A kobold (D:14)
  10 bushes
  11 fungi
  22 plants
  20 tentacles
72 creatures vanquished.

Grand Total: 1653 creatures vanquished

Notes
Turn   | Place    | Note
-------+----------+-------------------------------------------
     0 | D:1      | Leybi the Gargoyle Earth Elementalist began the quest for the Orb.
     0 | D:1      | Reached XP level 1. HP: 10/10 MP: 3/3
   100 | D:1      | Reached XP level 2. HP: 5/15 MP: 0/5
   287 | D:1      | Reached skill level 4 in Earth Magic
   429 | D:1      | Reached XP level 3. HP: 16/19 MP: 7/7
  1311 | D:2      | Reached XP level 4. HP: 19/24 MP: 1/9
  2304 | D:2      | Learned a level 3 spell: Stone Arrow
  2403 | D:3      | Noticed Sigmund
  2409 | D:2      | Killed Sigmund
  2409 | D:2      | Reached skill level 5 in Earth Magic
  2409 | D:2      | Reached XP level 5. HP: 26/28 MP: 7/12
  2409 | D:2      | Reached XP level 6. HP: 30/32 MP: 7/13
  2493 | D:2      | Learned a level 5 spell: Lee's Rapid Deconstruction
  2499 | D:3      | Reached skill level 5 in Spellcasting
  2515 | D:3      | Noticed Natasha
  2568 | D:3      | Killed Natasha
  2583 | D:3      | Noticed Natasha
  2586 | D:3      | Killed Natasha
  2676 | D:3      | Noticed Ijyb
  2712 | D:3      | Killed Ijyb
  2712 | D:3      | Reached skill level 1 in Conjurations
  2755 | D:3      | Noticed cedor's ghost (weakling HEAr)
  2777 | D:3      | Killed cedor's ghost
  2777 | D:3      | Reached XP level 7. HP: 33/36 MP: 7/15
  2782 | D:3      | Noticed Natasha
  2792 | D:3      | Killed Natasha
  2792 | D:3      | Reached skill level 6 in Earth Magic
  2908 | D:3      | Noticed Robin
  2956 | D:3      | Killed Robin
  4280 | D:4      | Reached XP level 8. HP: 26/41 MP: 11/17
  4326 | D:4      | Found a staircase to the Ecumenical Temple.
  4330 | Temple   | Entered the Ecumenical Temple
  4393 | Temple   | Became a worshipper of Vehumet
  4657 | D:4      | Found a stormy altar of Qazlal.
  4658 | D:4      | Noticed an air elemental
  4658 | D:4      | Noticed a water elemental
  4742 | D:4      | Reached skill level 1 in Fighting
  4816 | D:4      | Found an ancient bone altar of Kikubaaqudgha.
  4830 | D:4      | Reached skill level 1 in Maces & Flails
  4845 | D:4      | Reached skill level 1 in Armour
  4845 | D:4      | Reached skill level 7 in Earth Magic
  4924 | D:4      | Noticed Eustachio
  4932 | D:4      | Killed Eustachio
  5153 | D:5      | Entered Level 5 of the Dungeon
  5991 | D:6      | Reached XP level 9. HP: 47/49 MP: 19/19
  6167 | D:6      | Noticed Edmund
  6179 | D:6      | Killed Edmund
  6278 | D:6      | Reached * piety under Vehumet
  6278 | D:6      | Offered knowledge of Shock by Vehumet.
  6790 | D:7      | Found a sparkling altar of Nemelex Xobeh.
  6882 | D:7      | Found a sacrificial altar of Ru.
  7145 | D:7      | Reached skill level 5 in Conjurations
  7824 | D:7      | Reached skill level 8 in Earth Magic
  7826 | D:7      | Reached ** piety under Vehumet
  7826 | D:7      | Offered knowledge of Throw Flame by Vehumet.
  8050 | D:7      | Found an opulent altar of Gozag.
  8222 | D:7      | Reached XP level 10. HP: 36/57 MP: 22/22
  9399 | D:9      | Offered knowledge of Ignite Poison by Vehumet.
  9421 | D:9      | Found a staircase to the Lair.
  9580 | D:9      | Noticed Juniper's ghost (novice HuBe)
  9744 | D:9      | Found Itwugaoc's Serpentskin Sales.
  9768 | D:9      | Reached *** piety under Vehumet
  9772 | D:9      | Reached skill level 5 in Fighting
 10119 | D:9      | Reached skill level 5 in Armour
 10205 | D:9      | Reached skill level 5 in Maces & Flails
 10288 | D:10     | Entered Level 10 of the Dungeon
 10349 | D:10     | Noticed a four-headed hydra
 10460 | D:10     | Killed a four-headed hydra
 10460 | D:10     | Reached skill level 9 in Earth Magic
 10461 | D:10     | Offered knowledge of Airstrike by Vehumet.
 10665 | D:10     | Reached XP level 11. HP: 40/64 MP: 24/24
 11000 | D:10     | Noticed a hill giant
 11006 | D:10     | Killed a hill giant
 11555 | D:11     | Noticed Maurice
 11571 | D:11     | Killed Maurice
 11698 | D:11     | Noticed Grum
 11703 | D:11     | Killed Grum
 11928 | D:11     | Reached **** piety under Vehumet
 11931 | D:11     | Offered knowledge of Iskenderun's Battlesphere by Vehumet.
 12142 | D:11     | Noticed a cyan ugly thing
 12149 | D:11     | Reached skill level 10 in Spellcasting
 12160 | D:11     | Killed a cyan ugly thing
 12440 | D:11     | Found a staircase to the Orcish Mines.
 12753 | D:11     | Noticed a brown ugly thing
 12758 | D:11     | Killed a brown ugly thing
 13068 | D:11     | Killed an unseen horror
 13119 | D:11     | Reached skill level 10 in Earth Magic
 13199 | D:11     | Noticed a cyan ugly thing
 13204 | D:11     | Killed a cyan ugly thing
 13448 | D:11     | Reached ***** piety under Vehumet
 13448 | D:11     | Offered knowledge of Bolt of Magma by Vehumet.
 13805 | D:12     | Noticed a hill giant
 13811 | D:12     | Killed a hill giant
 13817 | D:12     | Reached XP level 12. HP: 72/72 MP: 23/26
 13830 | D:12     | Reached skill level 1 in Evocations
 14071 | D:12     | Identified the Compendium of Evil Rituals and Companions
 14634 | D:12     | Noticed a seven-headed hydra
 14637 | D:12     | Killed a seven-headed hydra
 15014 | D:9      | Killed Juniper's ghost
 15222 | Temple   | Learned a level 5 spell: Bolt of Magma
 15674 | Orc:1    | Entered Level 1 of the Orcish Mines
 16167 | Lair:1   | Entered Level 1 of the Lair of Beasts
 16176 | Lair:1   | Reached skill level 1 in Fire Magic
 16208 | D:9      | Offered knowledge of Bolt of Fire by Vehumet.
 16415 | D:9      | Learned a level 6 spell: Bolt of Fire
 16679 | Lair:1   | Reached skill level 11 in Earth Magic
 17466 | Lair:1   | Reached XP level 13. HP: 65/79 MP: 6/28
 18383 | Lair:2   | Found a staircase to the Snake Pit.
 18590 | Lair:3   | Found a staircase to the Shoals.
 20436 | Lair:4   | Reached skill level 10 in Conjurations
 20436 | Lair:4   | Reached skill level 5 in Evocations
 20716 | Lair:4   | Reached skill level 5 in Fire Magic
 21285 | Lair:5   | Offered knowledge of Bolt of Draining by Vehumet.
 21403 | Lair:5   | Gained mutation: Your large and strong wings let you fly indefinitely. [Gargoyle growth]
 21403 | Lair:5   | Reached XP level 14. HP: 86/86 MP: 29/30
 21485 | Lair:5   | Reached skill level 12 in Earth Magic
 21860 | Lair:5   | Noticed Josephine
 21865 | Lair:5   | Killed Josephine
 22226 | Lair:6   | Entered Level 6 of the Lair of Beasts
 22226 | Lair:6   | Found a staircase to the Slime Pits.
 22244 | Lair:6   | Noticed dobroeutro's ghost (journeyman GrFi)
 24350 | Orc:2    | Entered Level 2 of the Orcish Mines
 24378 | Orc:2    | Noticed Nessos
 24678 | Orc:2    | Killed Nessos
 24870 | Orc:2    | Noticed an orc warlord
 25106 | Orc:2    | Learned a level 5 spell: Fireball
 25630 | Orc:2    | Found a staircase to the Elven Halls.
 25640 | Orc:2    | Noticed Saint Roka
 26320 | Orc:2    | Found Cimnig's General Store.
 26321 | Orc:2    | Found Roudoyn's Food Emporium.
 26740 | Orc:2    | Offered knowledge of Iron Shot by Vehumet.
 26750 | Orc:2    | Learned a level 6 spell: Iron Shot
 26750 | Orc:2    | Reached skill level 10 in Fighting
 27407 | Orc:2    | HP: 3/88 [Saint Roka/divine providence (14)]
 28790 | Lair:6   | Reached XP level 15. HP: 92/92 MP: 23/32
 29626 | Lair:6   | Reached skill level 13 in Earth Magic
 30151 | Lair:6   | Killed dobroeutro's ghost
 30358 | Lair:6   | Got a wavering copper ring
 30630 | Lair:5   | Identified the ring of Descent {Ice MR+} (You found it on level 6 of the Lair of Beasts)
 31064 | D:13     | Noticed Rupert
 31096 | D:13     | Found Wimor's Book Boutique.
 31259 | D:13     | Found Vanudy's Magic Scroll Shop.
 31267 | D:13     | Offered knowledge of Orb of Destruction by Vehumet.
 31297 | D:13     | Found Naelyup's Antique Weapon Shoppe.
 31302 | D:13     | Bought a scroll of identify for 26 gold pieces
 31302 | D:13     | Bought a scroll of identify for 26 gold pieces
 31302 | D:13     | Bought a scroll of enchant armour for 97 gold pieces
 31643 | D:13     | Found Heykhoxt's Gadget Boutique.
 31822 | D:13     | Killed Rupert
 31924 | D:13     | Found Neuxoegh's Antique Armour Shop.
 32192 | D:14     | Found a gate to the Vaults.
 32321 | D:14     | Noticed Frances
 32334 | D:14     | Reached XP level 16. HP: 100/100 MP: 9/34
 32764 | D:14     | Killed Frances
 33060 | D:14     | Identified the Compendium of Burning Summoning
 33288 | D:14     | Offered knowledge of Spellforged Servitor by Vehumet.
 33297 | D:14     | Learned a level 7 spell: Spellforged Servitor
 33365 | D:15     | Entered Level 15 of the Dungeon
 33778 | Orc:2    | Bought a potion of heal wounds for 65 gold pieces
 33778 | Orc:2    | Bought a scroll of teleportation for 39 gold pieces
 34356 | Orc:2    | Found Roopny's Gadget Boutique.
 34356 | Orc:2    | Found a one-way gate leading to the halls of Pandemonium.
 34356 | Orc:2    | Found Satez's Antique Weapon Shop.
 35336 | Orc:2    | Killed Saint Roka
 35612 | Elf:1    | Entered Level 1 of the Elven Halls
 35681 | Elf:1    | Found a portal to a secret trove of treasure.
 36532 | Elf:1    | Offered knowledge of Poison Arrow by Vehumet.
 36561 | Elf:1    | Reached skill level 14 in Earth Magic
 36582 | Elf:1    | Reached skill level 15 in Spellcasting
 36851 | Elf:1    | Identified Irept's Volume of Arcane Weapons
 36977 | Elf:1    | Reached XP level 17. HP: 84/106 MP: 36/36
 37385 | Elf:2    | Found Buodez's Antique Weapon Shoppe.
 37415 | Elf:2    | Bought a jewelled dire flail for 342 gold pieces
 37416 | Elf:2    | Identified the cursed +0 dire flail of Otaidaog {flame, Dex+2} (You bought it in a shop on level 2 of the Elven Halls)
 37921 | Elf:2    | Found Osuok's Armour Shoppe.
 38769 | Elf:2    | Found a runed gate.
 38769 | Elf:2    | Found a runed gate.
 38769 | Elf:2    | Found a runed gate.
 39391 | Shoals:1 | Entered Level 1 of the Shoals
 39448 | Shoals:1 | Reached skill level 10 in Fire Magic
 39760 | Shoals:1 | Found a flickering gateway to a bazaar.
 39888 | Bazaar   | Entered a bazaar
 39892 | Bazaar   | Found Weineiga's Weapon Boutique.
 39910 | Bazaar   | Found Wakafaq's Antique Armour Emporium.
 39927 | Bazaar   | Found Vugew's Book Boutique.
 39944 | Bazaar   | Found Ebofekop's Antique Weapon Shoppe.
 40808 | Shoals:2 | Reached ****** piety under Vehumet
 41337 | Shoals:2 | Noticed a kraken
 41762 | Shoals:2 | Reached skill level 5 in Dodging
 41934 | Shoals:2 | Noticed Polyphemus
 42294 | Elf:2    | Bought a +2 pair of boots of flying for 279 gold pieces
 42670 | Shoals:3 | Noticed Donald
 42678 | Shoals:3 | Reached XP level 18. HP: 60/112 MP: 23/37
 42690 | Shoals:3 | HP: 4/112 [Donald/long sword (13)]
 43134 | Shoals:3 | Killed Donald
 43136 | Shoals:3 | Got a translucent shield {Donald}
 43400 | Shoals:3 | Identified the +5 shield of Darkness {rC+} (You took it off Donald on level 3 of the Shoals)
 43588 | Shoals:3 | Found Uduikkam's Antique Armour Shoppe.
 43590 | Shoals:3 | Bought a glowing cloak for 336 gold pieces
 44036 | Shoals:3 | Reached skill level 1 in Shields
 44367 | Shoals:2 | Killed Polyphemus
 44603 | Snake:1  | Entered Level 1 of the Snake Pit
 45383 | Snake:1  | Offered knowledge of Lehudib's Crystal Spear by Vehumet.
 45383 | Snake:1  | Offered knowledge of Shatter by Vehumet.
 45383 | Snake:1  | Offered knowledge of Tornado by Vehumet.
 45403 | Snake:1  | Learned a level 8 spell: Lehudib's Crystal Spear
 46132 | Snake:2  | Reached skill level 15 in Earth Magic
 46819 | Snake:3  | Reached skill level 10 in Maces & Flails
 47519 | Snake:4  | Entered Level 4 of the Snake Pit
 47557 | Snake:4  | Reached XP level 19. HP: 119/119 MP: 25/39
 47913 | Snake:4  | Found Nehustrep's Antique Armour Emporium.
 47916 | Snake:4  | Found Iziuwum's Antique Weapon Emporium.
 47916 | Snake:4  | Found Quraqomasa's Book Shoppe.
 47923 | Snake:4  | Found Ruffirch's Assorted Antiques.
 47968 | Snake:4  | Noticed Bai Suzhen
 48451 | D:15     | Noticed Roxanne
 48573 | D:15     | Reached skill level 5 in Shields
 49005 | D:15     | Paralysed by a floating eye for 2 turns
 49218 | D:15     | Killed Roxanne
 49582 | Temple   | Identified a scroll of acquirement
 50963 | Snake:4  | Noticed Vashnia
 51814 | Snake:4  | Killed Vashnia
 52316 | Snake:4  | Killed Bai Suzhen
 52549 | Snake:4  | Got a pair of slimy gloves
 52567 | Snake:4  | Identified the +1 pair of gloves of a labyrinth {MR+ Dex+3 Slay+6 Stlth+} (You found it on level 4 of the Snake Pit)
 52758 | Snake:4  | Got a serpentine rune of Zot
 53177 | Shoals:4 | Entered Level 4 of the Shoals
 53204 | Shoals:4 | Reached XP level 20. HP: 80/126 MP: 24/40
 53262 | Shoals:4 | Got a barnacled rune of Zot
 53581 | Shoals:4 | Noticed Ilsuiw
 53626 | Shoals:4 | Killed Ilsuiw
 53896 | Shoals:4 | Noticed Louise
 53905 | Shoals:4 | Killed Louise
 54486 | Shoals:4 | Reached skill level 16 in Earth Magic
 54988 | Vaults:1 | Entered Level 1 of the Vaults
 55178 | Vaults:1 | Found Umonih's Jewellery Shop.
 55189 | Vaults:1 | Bought an uncursed amulet of the gourmand for 450 gold pieces
 55784 | Vaults:1 | Reached skill level 15 in Conjurations
 55794 | Vaults:1 | Paralysed by an ogre mage for 3 turns
 57025 | Vaults:1 | Reached XP level 21. HP: 130/132 MP: 41/41
 57882 | Vaults:2 | Got a brightly glowing robe
 57889 | Vaults:2 | Identified the +2 robe of Loss {rElec rF+ Str+3 Dex-4} (You found it on level 2 of the Vaults)
 58021 | Vaults:2 | Noticed Asterion
 58027 | Vaults:2 | Killed Asterion
 58349 | Vaults:2 | Reached skill level 17 in Earth Magic
 58482 | Vaults:2 | Noticed Nikola
 58489 | Vaults:2 | Killed Nikola
 58933 | Vaults:2 | Found a staircase to the Crypt.
 58933 | Vaults:2 | Found a basalt altar of Yredelemnul.
 58934 | Vaults:2 | Found an ancient bone altar of Kikubaaqudgha.
 59132 | Vaults:2 | Noticed Frederick
 59140 | Vaults:2 | Killed from afar by Frederick

Skill      XL: |  1  2  3  4  5  6  7  8  9 10 11 12 13 14 15 16 17 18 19 20 21 |
---------------+----------------------------------------------------------------+-----
Earth Magic    | 4 5 6 7 8 9 10 11 12 13 14 15 16 17 | 17.1
Spellcasting   | 3 4 5 6 7 8 9 10 11 12 13 14 15 16 | 16.8
Conjurations   | 1 3 4 5 6 8 9 10 11 12 13 14 15 | 15.9
Fighting       | 2 4 5 7 8 9 10 11 12 13 14 | 14.7
Maces & Flails | 2 3 5 6 8 10 11 12 | 12.0
Armour         | 2 4 5 6 |  6.7
Evocations     | 3 5 6 7 8 |  8.4
Fire Magic     | 2 5 7 9 10 11 12 | 12.7
Dodging        | 2 4 5 |  5.1
Shields        | 4 6 8 |  8.5
Stealth        | |  2.1
Transmutations | |  0.7

Action                   |  1- 3 |  4- 6 |  7- 9 | 10-12 | 13-15 | 16-18 | 19-21 || total
-------------------------+-------+-------+-------+-------+-------+-------+-------++-------
Melee: Unarmed           |    23 |       |       |       |       |       |       ||    23
       Flail             |    35 |   108 |   221 |       |       |       |       ||   364
       Morningstar       |       |       |       |    75 |       |       |       ||    75
       Dire flail        |       |       |       |     1 |       |       |       ||     1
       Staff             |       |       |       |       |     9 |    19 |       ||    28
       Demon whip        |       |       |       |       |       |   781 |  1124 ||  1905
 Cast: Sandblast         |    35 |    67 |   175 |   172 |    36 |       |       ||   485
       Stone Arrow       |       |       |    38 |   332 |   532 |    93 |       ||   995
       Lee's Rapid Decon |       |       |     2 |     4 |     3 |    14 |    10 ||    33
       Bolt of Magma     |       |       |       |       |   186 |   215 |   208 ||   609
       Iron Shot         |       |       |       |       |    88 |   227 |    63 ||   378
       Fireball          |       |       |       |       |     1 |    20 |    56 ||    77
 Abil: Fly               |       |       |       |       |       |     2 |       ||     2
       Stop Flying       |       |       |       |       |       |     2 |       ||     2
Evoke: Wand              |       |       |       |       |     1 |       |       ||     1
  Use: Scroll            |       |       |     5 |    16 |    20 |    14 |    18 ||    73
       Potion            |       |       |       |     3 |     3 |     6 |     3 ||    15
 Stab: Sleeping          |     2 |     2 |     3 |       |       |       |     1 ||     8
       Distracted        |       |     1 |       |       |       |       |       ||     1
  Eat: Chunk             |     1 |     5 |    18 |    27 |    51 |    47 |    52 ||   201
       Pizza             |       |       |       |     2 |     1 |       |       ||     3
       Fruit             |       |       |       |       |     3 |     1 |       ||     4
       Royal jelly       |       |       |       |       |     2 |     1 |     1 ||     4
       Meat ration       |       |       |       |       |     3 |     7 |     3 ||    13
Armor: Robe              |    25 |    83 |   138 |   245 |   153 |       |       ||   644
       Leather armour    |       |       |       |     2 |       |       |       ||     2
       Mottled dragon sc |       |       |       |       |    92 |   591 |   405 ||  1088
Dodge: Dodged            |    38 |   158 |   279 |   231 |   226 |   416 |   268 ||  1616
Block: Other             |       |       |     2 |    28 |     1 |       |       ||    31
       Reflection        |       |       |       |     5 |     1 |       |       ||     6
       Shield            |       |       |       |       |       |   174 |   648 ||   822
